 Dungeon Crawl Stone Soup version 0.30-a0-219-gf2db51d15e (webtiles) character file.

Game seed: 15790359176927790758

84905 Morbidden the Brawler (level 15, -3/186 HPs)
             Began as a Red Draconian Monk on Oct 6, 2022.
             Was the Champion of Cheibriados.
             Shot with a bolt by a centaur warrior (13 damage)
             ... on level 14 of the Dungeon on Oct 7, 2022.
             The game lasted 00:48:55 (23810 turns).

Morbidden the Brawler (Red Draconian Monk)         Turns: 23810, Time: 00:48:55

Health: -3/186     AC: 18    Str: 33    XL:     15   Next: 36%
Magic:  18/26      EV: 22    Int: 27    God:    Cheibriados [******]
Gold:   2595       SH:  0    Dex: 28    Spells: 11/29 levels left

rFire   + . .      SeeInvis .      - Unarmed
rCold   + . .      Faith    .    (no shield)
rNeg    + + .      Spirit   .    (body armour unavailable)
rPois   .          Reflect  .    (helmet restricted)
rElec   +          Harm     .    E - +2 cloak {rCorr}
rCorr   +          Rampage  .    O - +2 pair of gloves {Stlth+}
Will    +++..      Archmagi +    r - +2 pair of boots "Rorgheal" {rElec rN++ Int-3 Slay+4}
Stlth   .......... Rage     50%  j - necklace of Bloodlust {*Rage Will++ Int-3 Slay+6}
HPRegen 0.51/turn                b - ring "Tumpog" {rC+ Str+4}
MPRegen 0.20/turn                K - ring of the Mage {Wiz Archmagi}

@: berserking, wereblooded, very slow
A: breathe fire, AC +9, unfitting armour, fire resistance 1, cold-blooded
a: Breathe Fire, Renounce Religion, Bend Time, Temporal Distortion, Slouch, Step
From Time


You were on level 14 of the Dungeon.
You worshipped Cheibriados.
Cheibriados was exalted by your worship.
You visited 3 branches of the dungeon, and saw 21 of its levels.
You also visited: Gauntlet and Volcano.

You collected 3846 gold pieces.
You spent 1251 gold pieces at shops.

Inventory:

Missiles
 c - 7 throwing nets
 q - 17 boomerangs
 J - 171 stones (quivered)
 L - 5 curare-tipped darts
 R - 12 javelins
 Z - 5 silver javelins
Armour
 r - the +2 pair of boots "Rorgheal" (worn) {rElec rN++ Int-3 Slay+4}
   (You acquired it on level 9 of the Dungeon)

   Int:       It affects your intelligence (-3).
   Slay:      It affects your accuracy & damage with ranged weapons and melee
   (+4).
   rElec:     It insulates you from electricity.
   rN:        It greatly protects you from negative energy.
 E - a +2 cloak of preservation (worn)
 O - a +2 pair of gloves of stealth (worn)
Jewellery
 b - the ring "Tumpog" (left hand) {rC+ Str+4}
   (You found it on level 9 of the Dungeon)

   [ring of protection from cold]

   Str:       It affects your strength (+4).
   rC:        It protects you from cold.
 d - a ring of resist corrosion
 j - the necklace of Bloodlust (around neck) {*Rage Will++ Int-3 Slay+6}
   (You bought it in a shop on level 6 of the Dungeon)

   [amulet of nothing]

   It extends the wearer's berserk rage when killing foes.
   Int:       It affects your intelligence (-3).
   Slay:      It affects your accuracy & damage with ranged weapons and melee
   (+6).
   *Rage:     It berserks you when you make melee attacks (+50% chance).
   Will:      It greatly increases your willpower.
 n - an amulet of the acrobat
 y - a ring of positive energy
 C - a +4 ring of protection
 K - the ring of the Mage (right hand) {Wiz Archmagi}
   (You bought it in a shop on level 6 of the Dungeon)

   [ring of wizardry]

   It improves your spell success rate.
   Archmagi:  It increases the power of your magical spells.
 U - a ring of see invisible
 X - a ring of flight
Wands
 u - a wand of digging (13)
 v - a wand of paralysis (24)
 D - a wand of polymorph (21)
 G - a wand of roots (54)
 H - a wand of flame (64)
 I - a wand of acid (18)
 S - a wand of mindburst (10)
Scrolls
 a - 5 scrolls of fog
 e - 12 scrolls of identify
 k - 8 scrolls of fear
 l - 3 scrolls of brand weapon
 m - 8 scrolls of teleportation
 o - 2 scrolls of vulnerability
 p - 4 scrolls of silence
 t - 4 scrolls of blinking
 w - a scroll of enchant weapon
 A - 3 scrolls of amnesia
 P - 2 scrolls of poison
 Q - a scroll of summoning
 Y - a scroll of enchant armour
Potions
 f - 2 potions of flight
 g - a potion of resistance
 h - a potion of ambrosia
 i - 2 potions of berserk rage
 s - 2 potions of magic
 x - 2 potions of attraction
 z - 3 potions of lignification
 F - 5 potions of curing
 M - a potion of brilliance
 N - 5 potions of heal wounds
 T - 4 potions of mutation
 W - a potion of might
Miscellaneous
 B - a tin of tremorstones (2/2)
 V - a box of beasts


   Skills:
 * Level 9.1 Fighting
 * Level 4.1 Throwing
 * Level 9.9 Dodging
 * Level 9.4 Stealth
 + Level 1.9 Shields
 * Level 15.2 Unarmed Combat
 * Level 7.6 Spellcasting
 * Level 4.1 Conjurations
 * Level 4.9 Translocations
 * Level 6.8 Transmutations
 * Level 5.6 Fire Magic
 * Level 6.4 Air Magic
 * Level 7.0 Invocations
 + Level 5.0 Evocations


You had 11 spell levels left.
You knew the following spells:

 Your Spells              Type           Power      Damage    Failure   Level
a - Wereblood             Tmut           63%        N/A       1%          2
b - Fireball              Conj/Fire      26%        3d12      9%          5
d - Storm Form            Tmut/Air       31%        N/A       73%         7
z - Manifold Assault      Tloc           53%        N/A       2%          4

Your spell library contained the following spells:

 Spells                   Type           Power      Damage    Failure   Level
 Beastly Appendage        Tmut           100%       N/A       1%          1
 Foxfire                  Conj/Fire      100%       2x1d9     1%          1
 Blink                    Tloc           100%       N/A       1%          2
 Spider Form              Tmut/Pois      43%        N/A       1%          3
 Airstrike                Air            30%        2d(5-21)  1%          4
 Necrotise                Necr           60%        1d7       2%          1
 Sublimation of Blood     Necr           15%        N/A       3%          2
 Summon Lightning Spire   Summ/Air       41%        N/A       6%          4
 Vampiric Draining        Necr           15%        2d7       7%          3
 Lightning Bolt           Conj/Air       27%        1d44      7%          5
 Iskenderun's Battlesphe  Conj           48%        2d10      12%         5
 Summon Forest            Summ/Tloc      17%        N/A       22%         5
 Conjure Ball Lightning   Conj/Air       27%        3x3d8     34%         6
 Dispersal                Tloc           26%        N/A       38%         6
 Starburst                Conj/Fire      26%        6d8       41%         6
 Agony                    Necr           15%        N/A       50%         5
 Summon Mana Viper        Hex/Summ       15%        N/A       50%         5
 Summon Cactus Giant      Summ           7%         N/A       96%         6
 Orb of Destruction       Conj           24%        9d9       96%         7
 Malign Gateway           Summ/Tloc      17%        N/A       99%         7
 Summon Hydra             Summ           7%         N/A       100%        7
 Disjunction              Tloc           26%        N/A       100%        8
 Summon Horrible Things   Summ           7%         N/A       100%        8


Dungeon Overview and Level Annotations

Branches:
Dungeon (15/15)            Temple (1/1) D:5            Lair (5/5) D:10
  Swamp (0/4) Lair:3       Spider (0/4) Lair:2        Slime (0/5) Lair:4
    Orc (0/2) D:10         Vaults (0/5) D:13        Volcano (visited)
Gauntlet (visited)
 Depths: D:15

Altars:
Ashenzari
Cheibriados
Dithmenos
Elyvilon
Fedhas
Gozag
Hepliaklqana
Kikubaaqudgha
Makhleb
Nemelex Xobeh
Okawaru
Qazlal
Ru
Sif Muna
Trog
Uskayaw
Vehumet
Wu Jian
Xom
Yredelemnul
Zin
The Shining One

Shops:
D:6 =


Innate Abilities, Weirdness & Mutations

You can breathe blasts of fire.
Your fiery red scales are hard. (AC +9)
You cannot fit into any form of body armour.
Your flesh is heat resistant. (rF+)
You are cold-blooded and may be slowed by cold attacks.


Message History

You feel a bit better.
You kill the tengu reaver!
Cheibriados appreciates the change of pace.
You howl as the wereblood boils in your veins!
The centaur warrior shoots a bolt.
The bolt barely misses you.
The deep elf annihilator points at you and mumbles some strange words.
The iron shot hits you!!
* * * LOW HITPOINT WARNING * * *
The anaconda completely misses you.
The anaconda bites you but does no damage.
Unknown command.
You closely miss the anaconda. You punch the anaconda!
The anaconda is lightly wounded.
The centaur warrior shoots a bolt.
The bolt completely misses you. The anaconda barely misses you.
The anaconda misses you.
Unknown command.
You beat the anaconda into a bloody pulp!!!
The anaconda is almost dead.
The centaur warrior shoots a bolt.
The bolt hits you but does no damage. The anaconda misses you.
The anaconda bites you!
* * * LOW HITPOINT WARNING * * *
Unknown command.
Unknown command.
Unknown command.
You beat the deep elf annihilator into a bloody pulp!!!
Your tail-slap misses the deep elf annihilator.
You punch the deep elf annihilator!
The deep elf annihilator is almost dead.
The anaconda changes into a broodmother!
The centaur warrior shoots a bolt.
The bolt hits you!!
* * * LOW HITPOINT WARNING * * *
The deep elf annihilator casts a spell at you.
The crystal spear misses you.
Unknown command.
You punch the deep elf annihilator!
You feel a bit better.
You kill the deep elf annihilator!
Cheibriados appreciates the change of pace.
The broodmother changes into a tyrant leech!
The centaur warrior shoots a bolt.
The bolt hits you!
You die...

.# W## #######..##
#.#.....#.# #### ##
.#.#...#.##.#.#. .#
..#.#)#)#.#).... .#
#..#.#.#..# ...#.#
####### #...#.#...#
#w).# #......
#..#.#.#..######@.#
#.#####
#.#.#.#.#...c...### #.#
# ##.#...#.#.#####..#
######.#####
#.#.....#.#.....###
#...........
##..######.#.###..#
#.......#### ###.#
##.#...### #.......# #
..#.# #.#.#.#..#
#.......# # .>#.#
#..#.#.### #.......####
..#.#
#.#.#.#..####..........#


You could see a tyrant leech shaped shifter and a centaur warrior.

Vanquished Creatures
  A tengu reaver (D:14)
  A quicksilver ooze (Gauntlet)
  A deep elf annihilator (D:14)
  A minotaur (Gauntlet)
  A dire elephant (Gauntlet)
  The ghost of Kevoe the Carver, a journeyman DgDe (D:13)
  A fire dragon (D:14)
  Harold (D:9)
  Erolcha (D:11)
  4 hydras
  9 boulder beetles
  2 dancing weapons (D:13)
  7 death yaks (D:10)
  4 centaur warriors
  6 two-headed ogres
  2 fire crabs
  A deep elf knight (D:14)
  8 skeletal warriors
  2 goliath frogs (Lair:5)
  An obsidian statue (Volcano)
  An orc knight (D:15)
  The ghost of Caerun the Conjurer, a novice DrCj (D:6)
  A lindwurm (Volcano)
  4 deep elf pyromancers
  3 cyclopes
  4 manticores
  An ugly thing (D:12)
  7 elephants
  A black mamba (Lair:5)
  Maurice (D:10)
  19 cane toads
  A minotaur zombie (Gauntlet)
  5 rime drakes
  An unseen horror (D:11)
  An efreet (D:15)
  9 komodo dragons
  Psyche (D:8)
  2 freezing wraiths (D:14)
  2 unseen horror skeletons (D:6)
  3 hornets (Gauntlet)
  5 trolls
  A polar bear (Lair:5)
  3 tyrant leeches (Lair:5)
  5 slime creatures
  5 dream sheep (Lair:3)
  35 blink frogs
  A shadow (D:11)
  A vampire (D:11)
  3 basilisks
  2 wyverns
  12 fire bats (Volcano)
  35 yaks
  Grum (D:10)
  4 steam dragons
  15 vampire mosquitoes
  A warg (D:15)
  Menkaure (D:4)
  16 water moccasins
  3 black bears
  9 orc warriors
  2 ice beasts (D:7)
  2 boggarts (D:14)
  6 ogres
  25 wolves
  7 centaurs
  2 phantoms (D:5)
  5 kobold brigands
  A necrophage (D:5)
  8 gnoll sergeants
  22 bullfrogs
  3 scorpions (D:6)
  12 wights
  8 killer bees
  6 howler monkeys
  6 lava snakes (Volcano)
  A centaur zombie (D:6)
  6 orc priests
  4 hounds
  2 jellies (Lair:4)
  2 gnoll boudas
  2 iguanas
  10 orc wizards
  A statue (D:8)
  8 adders
  29 gnolls
  A howler monkey skeleton (D:6)
  A white imp (D:5)
  2 ufetubi (D:5)
  3 worms
  The ghost of fly the Sneak, a weakling DgDe (D:5)
  5 dart slugs
  48 orcs
  2 ball pythons
  8 bats
  13 endoplasms
  3 giant cockroaches
  6 goblins
  10 hobgoblins
  11 jackals
  3 quokkas
  8 frilled lizards
  18 kobolds
  10 rats
  A spectral orc (D:5)
615 creatures vanquished.

Vanquished Creatures (collateral kills)
  A death yak (D:10)
1 creature vanquished.

Vanquished Creatures (others)
  An ugly thing (D:15)
  A water moccasin (Lair:5)
  A bush (Lair:5)
  36 fungi
  94 plants
133 creatures vanquished.

Grand Total: 749 creatures vanquished

Notes
Turn   | Place    | Note
-------+----------+-------------------------------------------
     0 | D:1      | Morbidden the Draconian Monk began the quest for the Orb.
     0 | D:1      | Reached XP level 1. HP: 19/19 MP: 1/1
   129 | D:1      | Reached XP level 2. HP: 7/26 MP: 2/2
   665 | D:1      | Reached XP level 3. HP: 31/31 MP: 3/3
   886 | D:2      | Found a shadowy altar of Dithmenos.
   957 | D:2      | Found a faded altar of an unknown god.
  1061 | D:2      | Identified the +1 ring mail of Fashionability {Contam rN++
                  | Str+3}
  1073 | D:2      | Reached skill level 4 in Unarmed Combat
  1648 | D:3      | Reached XP level 4. HP: 24/40 MP: 4/4
  2206 | D:3      | Reached XP level 5. HP: 20/46 MP: 6/6
  2259 | D:3      | Reached skill level 1 in Spellcasting
  2738 | D:4      | Noticed Menkaure
  2746 | D:4      | Killed Menkaure
  2747 | D:4      | Reached skill level 5 in Unarmed Combat
  2747 | D:4      | Reached XP level 6. HP: 10/52 MP: 8/8
  3427 | D:4      | Found a sparkling altar of Nemelex Xobeh.
  3625 | D:5      | Entered Level 5 of the Dungeon
  3675 | D:5      | Your scales start taking on a fiery red colour.
  3675 | D:5      | Reached XP level 7. HP: 8/59 MP: 8/10
  3675 | D:5      | Gained mutation: Your flesh is heat resistant. (rF+) [Red
                  | Draconian growth]
  3870 | D:5      | Reached skill level 6 in Unarmed Combat
  4026 | D:5      | Found a staircase to the Ecumenical Temple.
  4082 | Temple   | Entered the Ecumenical Temple
  4270 | D:5      | Found a runed translucent gate.
  4271 | D:5      | Found a runed translucent gate.
  4271 | D:5      | Noticed fly's ghost (weakling DgDe)
  4272 | D:5      | Found a runed translucent gate.
  4402 | D:5      | Reached skill level 1 in Shields
  4462 | D:5      | Found a shimmering blue altar of Sif Muna.
  4752 | D:5      | Found a basalt altar of Yredelemnul.
  4887 | D:5      | Killed fly's ghost
  4888 | D:5      | Reached XP level 8. HP: 26/67 MP: 10/12
  5246 | D:6      | Reached skill level 7 in Unarmed Combat
  5305 | D:6      | Noticed a boulder beetle
  5346 | D:6      | Killed a boulder beetle
  5347 | D:6      | Reached skill level 5 in Fighting
  5347 | D:6      | Reached skill level 5 in Dodging
  5347 | D:6      | Reached skill level 5 in Stealth
  5347 | D:6      | Reached XP level 9. HP: 34/74 MP: 12/14
  5502 | D:6      | Found a runed translucent gate.
  5502 | D:6      | Found a runed translucent gate.
  5503 | D:6      | Found a runed translucent gate.
  5510 | D:6      | Noticed Caerun's ghost (novice DrCj)
  5591 | D:6      | Reached skill level 8 in Unarmed Combat
  5682 | D:6      | Learned a level 7 spell: Storm Form
  5972 | D:6      | Found a blossoming altar of Fedhas.
  5976 | D:6      | Found a white marble altar of Elyvilon.
  5976 | D:6      | Found a broken altar of Ashenzari.
  5977 | D:6      | Found a snail-covered altar of Cheibriados.
  6001 | D:6      | Became a worshipper of Cheibriados the Contemplative
  6001 | D:6      | Reached * piety under Cheibriados
  6001 | D:6      | Reached ** piety under Cheibriados
  6119 | D:6      | Found Dueshruc's Jewellery Shop.
  6683 | D:7      | Identified a scroll of acquirement
  6684 | D:7      | Acquired 816 gold pieces
  6707 | D:6      | Bought the necklace of Bloodlust {*Rage Will++ Int-3
                  | Slay+6} for 588 gold pieces
  6707 | D:6      | Found the necklace of Bloodlust {*Rage Will++ Int-3 Slay+6}
  7024 | D:7      | Reached skill level 1 in Air Magic
  7940 | D:7      | Reached skill level 1 in Invocations
  7942 | D:7      | Reached skill level 1 in Transmutations
  8159 | D:8      | Reached *** piety under Cheibriados
  8244 | D:8      | Noticed a cyclops
  8244 | D:8      | Noticed a two-headed ogre
  8250 | D:7      | Reached XP level 10. HP: 83/83 MP: 16/16
  8254 | D:7      | Reached skill level 9 in Unarmed Combat
  8687 | D:8      | Reached **** piety under Cheibriados
  8695 | D:8      | Found a radiant altar of Vehumet.
  8718 | D:8      | Noticed Psyche
  8723 | D:8      | Killed Psyche
  8769 | D:8      | Found a sacrificial altar of Ru.
  8938 | D:6      | Bought the ring of the Mage {Wiz Archmagi} for 663 gold
                  | pieces
  8938 | D:6      | Found the ring of the Mage {Wiz Archmagi}
  9019 | D:8      | Found a glowing golden altar of the Shining One.
  9249 | D:9      | Reached skill level 1 in Evocations
  9306 | D:9      | Noticed a manticore
  9312 | D:9      | Killed a manticore
  9529 | D:9      | Reached skill level 10 in Unarmed Combat
  9575 | D:9      | Reached skill level 5 in Spellcasting
  9586 | D:9      | Reached XP level 11. HP: 68/91 MP: 18/18
  9652 | D:9      | Noticed Harold
  9660 | D:9      | Killed Harold
  9686 | D:9      | Found a transporter.
  9700 | D:9      | Found a transporter.
  9712 | D:9      | Noticed a boulder beetle
  9875 | D:9      | Noticed a centaur warrior
 10099 | D:8      | Reached ***** piety under Cheibriados
 10154 | D:9      | Found a stormy altar of Qazlal.
 10248 | D:9      | Acquired the +2 pair of boots "Rorgheal" {rElec rN++ Int-3
                  | Slay+4}
 10272 | D:9      | Killed a centaur warrior
 10278 | D:9      | Killed a boulder beetle
 10286 | D:9      | Identified the ring "Tumpog" {rC+ Str+4}
 10369 | D:10     | Entered Level 10 of the Dungeon
 10378 | D:10     | Noticed a two-headed ogre
 10384 | D:10     | Killed a two-headed ogre
 10385 | D:10     | Reached skill level 11 in Unarmed Combat
 10545 | D:10     | Found a shadowy altar of Dithmenos.
 10555 | D:10     | Noticed Maurice
 10563 | D:10     | Killed Maurice
 10576 | D:10     | Noticed a death yak
 10579 | D:10     | Noticed a death yak
 10584 | D:10     | Noticed a death yak
 10585 | D:10     | Noticed a death yak
 10586 | D:10     | Noticed a death yak
 10587 | D:10     | Noticed a death yak
 10588 | D:10     | Killed a death yak
 10588 | D:10     | Noticed a death yak
 10982 | D:10     | Noticed Grum
 10987 | D:10     | Killed Grum
 10993 | D:10     | Noticed a two-headed ogre
 11002 | D:10     | Killed a two-headed ogre
 11160 | D:10     | Found a staircase to the Lair.
 11258 | Lair:1   | Entered Level 1 of the Lair of Beasts
 11280 | Lair:1   | Reached XP level 12. HP: 83/100 MP: 20/20
 11512 | Lair:1   | Learned a level 4 spell: Manifold Assault
 11519 | Lair:1   | Noticed a boulder beetle
 11531 | Lair:1   | Killed a boulder beetle
 11612 | Lair:1   | Reached skill level 12 in Unarmed Combat
 12303 | Lair:2   | Reached skill level 1 in Translocations
 12349 | Lair:2   | Found a dark tunnel.
 12361 | Volcano  | Entered a volcano
 12567 | Volcano  | Found a burning altar of Makhleb.
 12669 | Lair:2   | Learned a level 1 spell: Beastly Appendage
 12806 | Lair:2   | Found a hole to the Spider Nest.
 12810 | Lair:2   | Learned a level 2 spell: Wereblood
 12993 | Lair:2   | Reached ****** piety under Cheibriados
 13181 | Lair:3   | Reached skill level 1 in Throwing
 13230 | Lair:3   | Identified the +0 scale mail of Fortitude {rPois rF- Will++
                  | Int+4}
 13272 | Lair:3   | Found a staircase to the Swamp.
 13376 | Lair:3   | Reached skill level 5 in Invocations
 13483 | Lair:3   | Noticed a boulder beetle
 13495 | Lair:3   | Killed a boulder beetle
 13617 | Lair:3   | Learned a level 5 spell: Fireball
 13621 | Lair:3   | Reached XP level 13. HP: 107/107 MP: 22/22
 13623 | Lair:3   | Reached skill level 13 in Unarmed Combat
 14023 | Lair:4   | Found a gate leading to a gauntlet.
 14029 | Gauntlet | Entered a Gauntlet
 14029 | Gauntlet | Found a transporter.
 14029 | Gauntlet | Found a transporter.
 14033 | Gauntlet | Found a transporter.
 14033 | Gauntlet | Found a transporter.
 14055 | Gauntlet | Noticed a dire elephant
 14057 | Gauntlet | Found a transporter.
 14065 | Gauntlet | Found a transporter.
 14066 | Gauntlet | Noticed a quicksilver ooze
 14067 | Gauntlet | Found a transporter.
 14067 | Gauntlet | Found a transporter.
 14071 | Gauntlet | Found a transporter.
 14105 | Gauntlet | Found a transporter.
 14123 | Gauntlet | Found a transporter.
 14169 | Gauntlet | Found a transporter.
 14190 | Gauntlet | Found a transporter.
 14280 | Gauntlet | Found a transporter.
 14289 | Gauntlet | Found a transporter.
 14303 | Gauntlet | Found a transporter.
 14459 | Gauntlet | Reached skill level 1 in Fire Magic
 14537 | Gauntlet | Killed a dire elephant
 14546 | Gauntlet | Identified the amulet of the Pure Olives {Acrobat -Cast
                  | rElec rF+}
 14747 | Gauntlet | Killed a quicksilver ooze
 14779 | Gauntlet | Noticed a minotaur
 14784 | Gauntlet | Killed a minotaur
 14785 | Gauntlet | Reached skill level 1 in Conjurations
 14880 | Lair:4   | Reached skill level 5 in Air Magic
 14891 | Lair:4   | Reached skill level 5 in Transmutations
 15080 | Lair:4   | Found a staircase to the Slime Pits.
 15492 | Lair:5   | Entered Level 5 of the Lair of Beasts
 15989 | Lair:5   | Reached skill level 5 in Evocations
 16037 | Lair:5   | Acquired 1087 gold pieces
 16063 | Lair:5   | Reached skill level 14 in Unarmed Combat
 16084 | Lair:5   | Reached XP level 14. HP: 45/116 MP: 11/23
 17683 | D:10     | Found a burning altar of Makhleb.
 17802 | D:10     | Found a staircase to the Orcish Mines.
 18498 | D:6      | Killed Caerun's ghost
 19699 | D:11     | Noticed Erolcha
 19704 | D:11     | Killed Erolcha
 21182 | D:12     | Reached skill level 5 in Fire Magic
 21292 | D:13     | You fall into a shaft and drop 2 floors!
 21292 | D:15     | Entered Level 15 of the Dungeon
 21566 | D:15     | Identified the +7 hand axe of Blood-Lust {flame, Str+7}
 21748 | D:13     | Identified the +5 glaive "Atewig" {flame, rF+ rCorr Int+3
                  | Dex-3}
 21996 | D:13     | Reached XP level 15. HP: 123/123 MP: 26/26
 22180 | D:13     | Found a gate to the Vaults.
 22288 | D:13     | Reached skill level 15 in Unarmed Combat
 22564 | D:13     | Found a runed translucent door.
 22564 | D:13     | Noticed Kevoe's ghost (journeyman DgDe)
 22788 | D:13     | Killed Kevoe's ghost
 22902 | D:14     | Found a sparkling altar of Nemelex Xobeh.
 22908 | D:14     | Acquired 354 gold pieces
 23786 | D:14     | Identified the +4 arbalest of Fee Simple {elec, Int+4}
 23793 | D:14     | Noticed a tengu reaver
 23806 | D:14     | Killed a tengu reaver
 23809 | D:14     | HP: 9/186 [centaur warrior/bolt (21)]
 23810 | D:14     | Shot with a bolt by a centaur warrior

Illustrated notes

Levels and vault maps discovered:
D:1:      dreamdust_arrival_sigmund_warning, layout_basic
D:2:      layout_loops_ring, basic_altar, hellmonk_ecumenical_altar_blasted,
          amcnicky_mini_corridor_feature, minivault_26, grunt_ministairs_13
D:3:      layout_rooms, item_on_display_a
D:4:      layout_basic, nemelex_dance_club_becter, grunt_ministairs_4,
          st_stairs_6, uniq_menkaure
D:5:      layout_basic, marbit_many_paths, yredelemnul_forgotten_temple_becter,
          minmay_temple_entry_hall, biasface_ghost_orc_armoury, hex_medium
D:6:      layout_cave_pools, chequers_temple_overflow_statue_of_worship,
          gammafunk_ghost_necromancy, serial_shops,
          nicolae_shop_competitors_out_of_business, serial_co_window_serial,
          co_window_cross_1, co_window_paths_a, co_window_of_opportunity_a,
          co_window_paths_a, co_window_of_opportunity_a, co_window_corner_b,
          co_window_unsneaky_path_e, co_window_corner_cb, co_window_broadway_c,
          co_window_broadway_a, co_window_2corner, glass_columns_c,
          glass_columns_c, glass_columns_a, glass_columns_b, minivault_26
D:7:      layout_layer_cave
D:8:      layout_rooms, vehumet_statue, mainiacjoe_overflow_catwalk,
          nicolae_ru_great_annihilating_truth, uniq_psyche
D:9:      gammafunk_sealed_arena, layout_loops_ring, overflow_temple_1_default,
          uniq_harold
D:10:     layout_rooms, nicolae_dithmenos_the_darkroom,
          mainiacjoe_overflow_alcove_1, dpeg_lair_monsters,
          kennysheep_orc_monster_closet_entryway, uniq_maurice, uniq_grum
D:11:     layout_gridville, minmay_misc_feat_cross, dreamdust_princess_corridor,
          uniq_erolcha
D:12:     layout_irregular_city
D:13:     layout_gridville, erik_vaults_1, hellmonk_ghost_happy_afterlife,
          serial_glass, glass_columns_b, glass_columns_a, glass_columns_a,
          glass_columns_c, glass_columns_b, glass_columns_b, feat_on_display
D:14:     minmay_tearing_corner, layout_basic, lemuel_crystal_altar
D:15:     grunt_enter_depths_magical_seal, layout_irregular_city,
          serial_park_tiny_pond, hangedman_decor_growths,
          corexii_hall_statues_i, lemuel_flamethrower_hall
Temple:   nicolae_temple_cloud_nine
Lair:1:   layout_misc_corridors, beast_lair_carwin_5
Lair:2:   layout_gridlike, spider_nest_entry_web_field,
          nicolae_volcano_entry_lava_flow, infiniplex_staircase_pool_2
Lair:3:   layout_misc_corridors, minmay_swamp_entry_swarm, grunt_megastairs_5
Lair:4:   layout_loops_ring, nicolae_slime_entry_slimehenge,
          gauntlet_entry_generic, chequers_serial_rivers_micro_b
Lair:5:   minmay_lair_end_frog_pond, layout_misc_corridors

Skill      XL: |  1  2  3  4  5  6  7  8  9 10 11 12 13 14 15 |
---------------+----------------------------------------------+-----
Dodging        | 3 4 5 6 7 8 9 |  9.9
Unarmed Combat | 4 5 6 7 8 10 11 12 14 15 | 15.2
Stealth        | 2 3 5 6 7 8 9 |  9.4
Spellcasting   | 1 2 3 4 5 6 7 |  7.6
Fighting       | 4 5 6 7 8 9 |  9.1
Shields        | 1 |  1.9
Air Magic      | 1 2 3 4 5 6 |  6.4
Invocations    | 1 2 4 5 6 7 |  7.0
Transmutations | 1 2 3 4 5 6 |  6.8
Evocations     | 1 3 4 5 |  5.0
Translocations | 2 3 4 |  4.9
Throwing       | 1 3 4 |  4.1
Fire Magic     | 3 5 |  5.6
Conjurations   | 2 3 4 |  4.1

Action                   |  1- 3 |  4- 6 |  7- 9 | 10-12 | 13-15 || total
-------------------------+-------+-------+-------+-------+-------++-------
Melee: Unarmed           |   152 |   220 |   244 |   380 |   541 ||  1537
       Tailslap          |    17 |    30 |    33 |    80 |    93 ||   253
       Punch             |     4 |     1 |    14 |    26 |    58 ||   103
       Headbutt          |       |       |       |     1 |       ||     1
Throw: Boomerang         |       |     5 |     5 |       |       ||    10
       Stone             |       |       |       |       |    47 ||    47
       Dart              |       |       |       |       |     3 ||     3
 Cast: Beastly Appendage |       |       |       |     3 |       ||     3
       Wereblood         |       |       |       |     2 |    23 ||    25
       Manifold Assault  |       |       |       |       |    26 ||    26
       Fireball          |       |       |       |       |     3 ||     3
Invok: Slouch            |       |       |       |     2 |     2 ||     4
 Abil: Breathe Fire      |       |       |    23 |     8 |     9 ||    40
Evoke: Wand              |       |     4 |     4 |     1 |       ||     9
       Tin of tremorston |       |       |       |     2 |     4 ||     6
  Use: Potion            |       |     1 |     6 |       |     1 ||     8
       Scroll            |       |       |     6 |    14 |    18 ||    38
 Stab: Sleeping          |     4 |     8 |     4 |    11 |    12 ||    39
       Paralysed         |       |     1 |     9 |     1 |       ||    11
       Distracted        |       |       |     4 |       |     3 ||     7
       Invisible         |       |       |       |     1 |       ||     1
Armor: Skin              |    37 |    52 |    93 |   151 |   214 ||   547
Dodge: Dodged            |   106 |   126 |   231 |   477 |   663 ||  1603
Block: Other             |    15 |    47 |    30 |       |       ||    92

Table legend: (Time is in decaauts)
 A = Elapsed time spent in this place.
 B = Non-inter-level travel time spent in this place.
 C = Inter-level travel time spent in this place.
 D = Time resting spent in this place.
 E = Time spent auto-exploring this place.
 F = Levels seen in this place.
 G = Mean time per level.
                   A        B        C        D        E       F      G
               +--------+--------+--------+--------+--------+-----+--------+
         Total |  34653 |  32037 |   2616 |   5123 |  20717 |  23 | 1506.7 |
       Dungeon |  24585 |  22370 |   2215 |   3768 |  14833 |  15 | 1639.0 |
        Temple |     47 |     47 |      0 |      0 |     31 |   1 |   47.0 |
          Lair |   8152 |   7751 |    401 |   1075 |   5212 |   5 | 1630.4 |
       Volcano |    456 |    456 |      0 |     74 |     40 |   1 |  456.0 |
      Gauntlet |   1410 |   1410 |      0 |    205 |    601 |   1 | 1410.0 |
               +--------+--------+--------+--------+--------+-----+--------+

Top non-repeatable levels by time:
     D:7: 2823 daAuts
     D:9: 2625 daAuts
  Lair:5: 2474 daAuts
     D:6: 2087 daAuts
    D:13: 1942 daAuts
    D:10: 1768 daAuts
    D:14: 1706 daAuts
     D:5: 1671 daAuts
  Lair:1: 1640 daAuts
    D:12: 1587 daAuts
     D:4: 1562 daAuts
  Lair:4: 1521 daAuts
    D:11: 1495 daAuts
     D:8: 1421 daAuts
Gauntlet: 1410 daAuts
